[Event "*** Titled Tuesday Blitz"]
[Site "Chess.com"]
[Date "2020.04.14"]
[Round "6"]
[White "manitodeplomo"]
[Black "Nesty_Javi_Chess"]
[Result "0-1"]
[WhiteElo "2488"]
[BlackElo "2784"]
[TimeControl "180+1"]
[EndTime "11:04:02 PDT"]
[Termination "Nesty_Javi_Chess won by resignation"]

1. d4 Nf6 2. c4 g6 3. Nc3 Bg7 4. e4 d6 5. Be2 O-O 6. Nf3 e5 7. d5 Nbd7 8. Bg5 h6 9. Bh4 g5 10. Bg3 Nc5 11. Nd2 a5 12. O-O Ne8 13. b3 f5 14. f3 f4 15. Bf2 Rf7 16. a3 Nd7 17. b4 Bf8 18. c5 Ndf6 19. Nc4 h5 20. b5 Rg7 21. b6 g4 22. bxc7 Nxc7 23. Bh4 gxf3 24. Bxf3 Bg4 25. Kh1 Nce8 26. Rb1 Rc8 27. Na4 Bxf3 28. gxf3 Rcc7 29. Qe2 Qc8 30. Nab6 Qh3 31.
Bxf6 Nxf6 32. Nxd6 Rxc5 33. Nf5 Rgc7 34. Rg1+ Kf7 35. Qg2 Qxg2+ 36. Rxg2 Rc1+ 37. Rxc1 Rxc1+ 38. Rg1 Rc3 39. Rg5 Rxf3 40. Nh4 Rxa3 41. d6 Bxd6 42.
Nc4 Ra1+ 43. Kg2 Ra2+ 44. Kf3 Ke6 45. Nxd6 Kxd6 46. Ng6 Ra3+ 47. Kg2 f3+ 48. Kf1 Ra1+ 49. Kf2 Nxe4+ 0-1

[Event "*** Titled Tuesday Blitz"]
[Site "Chess.com"]
[Date "2020.04.14"]
[Round "6"]
[White "SanQui14"]
[Black "PotapovaM"]
[Result "1/2-1/2"]
[WhiteElo "2336"]
[BlackElo "2516"]
[TimeControl "180+1"]
[EndTime "11:04:02 PDT"]
[Termination "Game drawn by repetition"]

1. d4 Nf6 2. Nf3 e6 3. Bf4 c5 4.
e3 Nc6 5. c3 d5 6. Nbd2 Bd6 7.
Bxd6 Qxd6 8. Be2 O-O 9. O-O e5 10. dxe5 Nxe5 11. Nxe5 Qxe5 12. Nf3 Qe7 13. c4 dxc4 14.
Bxc4 Bg4 15. h3 Bh5 16. Be2 Rfd8 17. Qc2 Bg6 18. Qc4 a6 19. Rac1 Rac8 20. Rfd1 b5 21. Qf4 c4 22. Nd4 Qe4 23. Qxe4 Nxe4 24. Bg4 Ra8 25.
Nc6 Rxd1+ 26. Rxd1 Kf8 27. Bf3 Rc8 28. Ne5 Nc5 29.
Rd5 Na4 30. Rd2 Bb1 31. a3 f6 32. Bb7 Rc7 33. Nd7+ Ke8 34. Bxa6 c3 35. bxc3 Nxc3 36.
Nb6 Rc6 37. Nd5 Nxd5 38. Bxb5 Ne7 39. a4 Bf5 40. a5 Bd7 41. Bxc6 Nxc6 42. a6 Bc8 43.
Rb2 Kd7 44. Ra2 Na7 45. Rd2+ Kc7 46. Rc2+ Kd7 47. Rd2+ Kc7 48. Ra2 Kb6 49. Rd2 Kc7 1/2-1/2

[Event "*** Titled Tuesday Blitz"]
[Site "Chess.com"]
[Date "2020.04.14"]
[Round "6"]
[White "swisspower96"]
[Black "Sam_ChessMood"]
[Result "0-1"]
[WhiteElo "2657"]
[BlackElo "2904"]
[TimeControl "180+1"]
[EndTime "11:04:03 PDT"]
[Termination "Sam_ChessMood won by resignation"]

1. d4 Nf6 2. c4 e6 3. Nf3 d5 4. g3 dxc4 5. Bg2 a6 6. O-O Nc6 7. a4 Rb8 8. a5 b5 9. axb6 cxb6 10. Bf4 Bd6 11. Ne5 Ne7 12. Bc6+ Kf8 13. Bg2 b5 14. b3 cxb3 15. Qxb3 h5 16. Bg5 Qb6 17. Rd1 Ng4 18. Nxg4 hxg4 19. Nc3 Bb7 20. Ne4 Bxe4 21. Bxe4 f6 22. Bd2 Kf7 23. Ba5 Qa7 24. Rd3 Rh5 25. Bb4 Bxb4 26. Qxb4 Rbh8 27. Qd6 a5 28. Rc1 Qb8 29. Rc7 Qd8 30. Qb6 b4 31. d5 exd5 32.
Bg2 Re5 33. e4 Qb8 34. Rb7 Qc8 35. Rd1 dxe4 36. Rc7 Qe6 37. Qa7 Rc8 38. Rb7 b3 39. Rdd7 Rc1+ 40. Bf1 b2 41. Rxb2 e3 42. Rbb7 e2 43.
Rxe7+ Qxe7 44. Rxe7+ Rxe7 0-1

[Event "*** Titled Tuesday Blitz"]
[Site "Chess.com"]
[Date "2020.04.14"]
[Round "6"]
[White "Zkid"]
[Black "mitrabhaa"]
[Result "0-1"]
[WhiteElo "2807"]
[BlackElo "2635"]
[TimeControl "180+1"]
[EndTime "11:04:03 PDT"]
[Termination "mitrabhaa won by resignation"]

1. e4 c6 2. d4 d5 3. exd5 cxd5 4.
Bd3 Nc6 5. c3 Qc7 6. Ne2 Bg4 7.
O-O Nf6 8. Qe1 Bh5 9. f4 e6 10. Ng3 Bd6 11. Nxh5 Nxh5 12. Qh4 g6 13. Na3 a6 14.
Nc2 Qe7 15. Qxe7+ Kxe7 16. a4 f5 17. Ne1 Nf6 18. Nf3 Ne4 19. Ne5 Rac8 20. Be3 Na5 21.
g4 Bxe5 22. fxe5 Nc4 23. Bc1 h5 24. g5 h4 25. b3 Nb6 26. c4 Rh5 27. c5 Nd7 28. Be2 Rhh8 29. Bf4 Nb8 30. Be3 Nc6 31. a5 h3 32. b4 Rh4 33. b5 axb5 34. Bxb5 Nc3 35.
Bd3 Nxd4 36. Kh1 Nc6 37. a6 bxa6 38. Rxa6 Ne4 39. Rb1 Rc7 40. Rbb6 d4 41. Bg1 Nxc5 42. Rxc6 Rxc6 43. Ra7+ Kd8 44. Bb5 Rc7 45. Ra8+ Ke7 46.
Rg8 Kf7 47. Rd8 Rb7 48. Bc6 Ra7 49. Rxd4 Rxd4 50. Bxd4 Ra2 51. Kg1 Nd3 52. Bb5 Nf4 53. Be3 Nd5 54. Bd4 Rg2+ 55. Kf1 Rxg5 56. Bc6 Rg2 57.
Bg1 g5 58. Bb5 g4 59. Be2 f4 60. Bc4 Ne3+ 61. Bxe3 fxe3 62. Be2 Kg6 63. Bd3+ 0-1

[Event "*** Titled Tuesday Blitz"]
[Site "Chess.com"]
[Date "2020.04.14"]
[Round "6"]
[White "KacperPolOK"]
[Black "zurzan"]
[Result "1-0"]
[WhiteElo "2247"]
[BlackElo "1948"]
[TimeControl "180+1"]
[EndTime "11:04:03 PDT"]
[Termination "KacperPolOK won by checkmate"]

1. e4 Nf6 2. e5 Nd5 3. d4 d6 4.
Bc4 Nb6 5. Bb3 g6 6. e6 fxe6 7. h4 d5 8. h5 Bg7 9. Qd3 Kd7 10. Nf3 Nc6 11. Bf4 Qf8 12. Bg3 Kd8 13. Nbd2 Bd7 14. O-O-O a5 15. a3 a4 16. Ba2 Ra5 17. hxg6 hxg6 18.
Qxg6 Rg8 19. Qd3 Kc8 20. Kb1 Qf5 21. Qxf5 exf5 22. c4 Nxd4 23. Nxd4 Bxd4 24. cxd5 Rb5 25. Nc4 Nxc4 26. Rxd4 Nxa3+ 27. Kc1 f4 28. Bxf4 Rc5+ 29. Kd1 Nb5 30. Re4 Bf5 31. Rxe7 Bc2+ 32. Kd2 Nd4 33. d6 cxd6 34. Bxg8 Nb3+ 35. Ke3 Rb5 36. Rh8 Kb8 37. Bc4+ Ka7 38. Bxb5 d5 39. Bc6 d4+ 40. Kf3 Kb6 41. Bxb7 d3 42. Rh6+ Kc5 43. Re5+ Kb4 44.
Rb6+ Kc4 45. Ba6+ Kd4 46. Rb4# 1-0

[Event "*** Titled Tuesday Blitz"]
[Site "Chess.com"]
[Date "2020.04.14"]
[Round "6"]
[White "Keaton87"]
[Black "ChesterF"]
[Result "1-0"]
[WhiteElo "2669"]
[BlackElo "2502"]
[TimeControl "180+1"]
[EndTime "11:04:04 PDT"]
[Termination "Keaton87 won by resignation"]

1. d4 Nf6 2. Bg5 d5 3. Nd2 e6 4.
e3 Be7 5. Bd3 b6 6. c3 Bb7 7. f4 Nbd7 8. Ngf3 O-O 9. Ne5 Nxe5 10.
fxe5 Nd7 11. Bxe7 Qxe7 12. O-O Qg5 13. Rf4 f6 14. exf6 Rxf6 15. Nf3 Qh6 16. Qd2 Rxf4 17. exf4 Rf8 18. g3 Nf6 19. Re1 Ne4 20. Qe3 Qh5 21. Nd2 Nxd2 22. Qxd2 Bc8 23. Re5 Qh6 24. Qe3 Qf6 25.
h4 Bd7 26. Kh2 Qf7 27. Qe2 Re8 28. Qg4 Rf8 29. h5 c5 30. h6 g6 31. Qe2 cxd4 32. cxd4 Rc8 33. Qg4 Qf8 34. Qg5 Qf7 35. Re1 b5 36.
Qe5 b4 37. g4 Qf8 38. g5 Qf7 39. Kg3 a5 40. Qd6 a4 41. Be2 Qf8 42. Qe5 Qf7 43.
Bg4 Rc6 44. Qb8+ Rc8 45. Qxb4 Qf8 46. Qxf8+ Kxf8 47. Re2 Rc4 48. Rd2 Ke7 49. a3 Kd6 50. Be2 Rc7 51. Bd3 Rb7 52. Kf2 Rb3 53. Be2 Rb8 54.
Bf3 Rf8 55. Ke3 Rb8 56. Bd1 Rb3+ 57. Bxb3 1-0

[Event "*** Titled Tuesday Blitz"]
[Site "Chess.com"]
[Date "2020.04.14"]
[Round "6"]
[White "Orest_Vovk"]
[Black "GianmarcoVaR"]
[Result "1-0"]
[WhiteElo "2502"]
[BlackElo "2617"]
[TimeControl "180+1"]
[EndTime "11:04:04 PDT"]
[Termination "Orest_Vovk won on time"]

1. g4 d6 2. Bg2 Nc6 3. h3 e5 4. c4 f5 5. gxf5 Bxf5 6. d3 Be7 7. Nc3 Nf6 8. Nf3 Qd7 9. d4 Ne4 10. Nxe4 Bxe4 11. dxe5 O-O-O 12. Be3 Bxf3 13. Bxf3 Nxe5 14. Qd5 Nxf3+ 15. Qxf3 Bf6 16. O-O-O Qa4 17. Qg4+ Kb8 18. Kb1 Rhe8 19. Bd4 Bxd4 20. Rxd4 Qd7 21. Qxd7 Rxd7 22. e3 Rf7 23. Rh2 Ref8 24. Rg4 g6 25. Rgg2 Rf5 26. h4 Rh5 27. Rg5 Rf5 28. Rxh5 Rxh5 29. f4 Kc8 30. Kc2 Kd7 31. Kd3 d5 32. cxd5 Rxd5+ 33. Ke4 Ke6 34. Kf3 c6 35. e4 Rd3+ 36. Kg4 h5+ 37.
Kg5 Rg3+ 38. Kh6 Rg4 39. Rf2 Kf6 40. f5 Ke5 41. f6 1-0

[Event "*** Titled Tuesday Blitz"]
[Site "Chess.com"]
[Date "2020.04.14"]
[Round "6"]
[White "Barbus89"]
[Black "terrapin33"]
[Result "1-0"]
[WhiteElo "2313"]
[BlackElo "2132"]
[TimeControl "180+1"]
[EndTime "11:04:04 PDT"]
[Termination "Barbus89 won by resignation"]

1. d4 Nc6 2. Nf3 g6 3. d5 Nb8 4. g3 Bg7 5. Bg2 Nf6 6. O-O O-O 7. c4 d6 8. Nc3 c5 9. h3 a6 10. e4 b5 11. e5 Ne8 12. cxb5 axb5 13. Nxb5 Ba6 14.
Qa4 Qb6 15. exd6 exd6 16. Nc3 Bxf1 17. Qxa8 Ba6 18. Na4 Qd8 19. Bg5 Qc8 20. Qa7 Nf6 21. Nb6 Qd8 22. Re1 Re8 23. Rxe8+ Qxe8 24. Bxf6 Bxf6 25.
Qc7 Qd8 26. Qxd8+ Bxd8 27. Na4 Nd7 28. Nd2 Bf6 29. Nc3 Nb6 30. Nde4 Be7 31. Bf1 Bxf1 32. Kxf1 f5 33. Nd2 Kf7 34. b3 Bf6 35. Nb5 Ke7 36. Nc4 Nxd5 37. Nbxd6 Nc3 38. a4 Kd7 39.
Nb5 Kc6 40. Nxc3 Bxc3 41. Ke2 Bb4 42. f3 Kd5 43. Kd3 g5 44. g4 f4 45. Nb2 Ba5 46. Nc4 Bb4 47. a5 Kc6 48. Ke4 1-0

[Event "*** Titled Tuesday Blitz"]
[Site "Chess.com"]
[Date "2020.04.14"]
[Round "6"]
[White "MarcoCorvi"]
[Black "QueenOfTactics90"]
[Result "1-0"]
[WhiteElo "2143"]
[BlackElo "1936"]
[TimeControl "180+1"]
[EndTime "11:04:04 PDT"]
[Termination "MarcoCorvi won by resignation"]

1. e4 c5 2. Nc3 Nc6 3. Bb5 g6 4. Bxc6 dxc6 5. d3 Bg7 6. f4 e5 7. Nf3 exf4 8. Bxf4 Ne7 9. O-O O-O 10. Qe1 Be6 11.
Qh4 f6 12. Rae1 Bf7 13. Bd2 b6 14. Bc1 a5 15. a3 f5 16. e5 Nd5 17. Bg5 Qd7 18.
Bf6 h6 19. Bxg7 Kxg7 20. Nxd5 cxd5 21. Qf6+ Kh7 22. e6 Qd6 23. Re2 Bg8 24. Qh4 Bxe6 25.
Rxe6 Qd7 26. Re7+ Qxe7 27. Qxe7+ Kg8 28. Qe6+ Kg7 29. Qxd5 Rae8 30. Ne5 Rf6 31. Nd7 Rf7 32.
Nxb6 Re2 33. Qxc5 g5 34. h3 f4 35. Nd5 Rd2 36. Qc3+ Kg6 37. Qxd2 Re7 38. Qc3 Re6 39. Qd4 Rc6 40. c4 a4 41. c5 h5 42. Qe4+ Kh6 43.
d4 Rg6 44. Nc3 h4 45. Rxf4 gxf4 46. Qxf4+ Kg7 47. Qxh4 Kf7 48. Qe4 Re6 49. Qxe6+ Kxe6 50. Nxa4 Kd5 51. Nc3+ Kxd4 52. c6 Kc5 53. c7 Kd4 54. c8=Q Ke3 55. Qe6+ Kf4 56. Qe4+ Kg5 57. g3 Kf6 58.
Kg2 Kg7 59. Kf3 Kf6 60. g4 Kg7 61. h4 Kf6 62. Qd5 Ke7 63. Kf4 Kf6 64. Ke4 Kg6 65. Qf5+ 1-0

[Event "*** Titled Tuesday Blitz"]
[Site "Chess.com"]
[Date "2020.04.14"]
[Round "6"]
[White "lachesisQ"]
[Black "sergoy"]
[Result "1/2-1/2"]
[WhiteElo "3089"]
[BlackElo "2900"]
[TimeControl "180+1"]
[EndTime "11:04:05 PDT"]
[Termination "Game drawn by agreement"]

1. c4 e5 2. Nc3 Nf6 3. Nf3 Nc6 4. e4 Bc5 5. Nxe5 Nxe5 6. d4 Bb4 7. dxe5 Nxe4 8. Qf3 Nxc3 9. bxc3 Ba5 10. Bf4 O-O 11.
O-O-O Qe7 12. Kb2 Qe6 13. Rd5 a6 14. Bd3 b5 15. Rd4 Rb8 16. c5 Qe7 17. Bd2 b4 18. c4 Qxe5 19. Qe4 Qxe4 20. Bxe4 d6 21. cxd6 cxd6 22. Rxd6 Bc7 23. Rd3 Be5+ 24. Kb3 a5 25.
Be3 Be6 26. Bd5 Bd7 27. Bd4 a4+ 28. Kb2 Bxd4+ 29. Rxd4 Bf5 30. c5 Rfe8 31. Rhd1 g6 32. c6 Re2+ 33. R4d2 Re5 34. Rc1 Re7 35. Bf3 Kg7 36.
Rd4 a3+ 37. Ka1 Rc7 38. g4 Be6 39. h3 b3 40. axb3 Rxb3 41. Bg2 Rb2 42. Bd5 Bxd5 43. Rxd5 Rb6 44. Rd6 Kf8 45. Rc2 Ke7 1/2-1/2

[Event "*** Titled Tuesday Blitz"]
[Site "Chess.com"]
[Date "2020.04.14"]
[Round "6"]
[White "Blitzking642"]
[Black "tonyq11"]
[Result "1-0"]
[WhiteElo "2397"]
[BlackElo "2244"]
[TimeControl "180+1"]
[EndTime "11:04:05 PDT"]
[Termination "Blitzking642 won on time"]

1. e4 c5 2. Nf3 e6 3. d3 d5 4. Nbd2 Nc6 5. g3 Bd6 6. Bg2 b6 7. O-O Bb7 8. Re1 Nge7 9. Nf1 O-O 10. h4 Rc8 11. e5 Bb8 12. h5 h6 13. N1h2 Nf5 14.
c3 Qc7 15. g4 Nfe7 16. g5 Nf5 17. gxh6 gxh6 18. Ng4 Kh7 19. Bf4 d4 20. Qd2 dxc3 21. bxc3 f6 22. Bxh6 Nxe5 23. Nfxe5 Bxg2 24. Bxf8 Rxf8 25. Kxg2 fxe5 26. Nxe5 Nh4+ 27. Kf1 Qg7 28. Ng6 Nxg6 29. hxg6+ Qxg6 30. Qe3 Bg3 31. Re2 Bf4 32. Qe4 Rf5 33. Qxe6 Qh5 34. Qe4 Qh3+ 35. Qg2 Qh5 36. Re7+ Rf7 37.
Rxf7+ Qxf7 38. Re1 Bd6 39. Qe4+ Kg7 40. Re3 Qh5 41. Qg2+ Kf8 42. Rf3+ Ke7 43. Qg7+ Kd8 44. Qf6+ Kc7 45. Qf7+ 1-0

[Event "*** Titled Tuesday Blitz"]
[Site "Chess.com"]
[Date "2020.04.14"]
[Round "6"]
[White "Guenplen"]
[Black "cassoulet"]
[Result "1-0"]
[WhiteElo "2944"]
[BlackElo "2713"]
[TimeControl "180+1"]
[EndTime "11:04:06 PDT"]
[Termination "Guenplen won by checkmate"]

1. Nf3 d5 2. d4 Nf6 3. Bf4 e6 4. e3 Be7 5. Nbd2 O-O 6. Bd3 c5 7. c3 Nc6 8. Qe2 b6 9. Rd1 Bb7 10. h3 Re8 11. O-O Bd6 12. Bxd6 Qxd6 13. e4 Qe7 14. e5 Nd7 15. a3 cxd4 16. cxd4 a6 17.
h4 f5 18. exf6 Nxf6 19. Rfe1 g6 20. Qe3 Qg7 21. Ne5 Nxe5 22. Qxe5 Rac8 23. Nf3 Nd7 24. Qe2 b5 25. Qe3 Qf6 26. Re2 Re7 27. Rde1 Rf8 28. Qg5 Bc8 29. Rc1 Qxg5 30. hxg5 Nb6 31. b3 Bd7 32. Ne5 Rf4 33. g3 Rxd4 34. f4 Be8 35. Kf2 Nd7 36. Ke3 Nxe5 37. Kxd4 Nc6+ 38. Kc5 Na5 39. Rb1 Nb7+ 40. Kd4 Nd6 41. Rc1 Kf7 42. Rec2 Bd7 43. Rc7 a5 44. Ke5 Nf5 45. Bxf5 exf5+ 46. Kd6 Ke8 47. Ra7 Re6+ 48. Kxd5 Re3 49. Rcc7 Be6+ 50.
Kd6 Kd8 51. Ra8+ Bc8 52. Raxc8# 1-0

[Event "*** Titled Tuesday Blitz"]
[Site "Chess.com"]
[Date "2020.04.14"]
[Round "6"]
[White "dennisodessa"]
[Black "HouseOfDurin"]
[Result "0-1"]
[WhiteElo "2300"]
[BlackElo "2080"]
[TimeControl "180+1"]
[EndTime "11:04:06 PDT"]
[Termination "HouseOfDurin won on time"]

1. d4 Nf6 2. c4 c5 3. d5 b5 4.
cxb5 a6 5. bxa6 Bxa6 6. Nc3 d6 7. e4 Bxf1 8. Kxf1 Nbd7 9. Nf3 g6 10. g3 Bg7 11. Kg2 O-O 12. a4 Qa5 13. Bd2 Qb4 14.
Qe2 Ng4 15. Rhb1 Rfb8 16. Ra3 Nge5 17. Nxe5 Nxe5 18. Nb5 Qc4 19. Qe3 Rxa4 20. Rxa4 Qxa4 21. Nc3 Qc2 22. Qe2 Nc4 23. Bc1 Qb3 24. Ra1 Nxb2 25.
Bxb2 Qxb2 26. Rb1 Bxc3 27. Rxb2 Rxb2 28. Qa6 Bd4 29. Kh3 Rxf2 30. Qc8+ Kg7 31. Qe8 Bf6 32. Qc6 Re2 33. Qb5 Rxe4 34. Qd3 Rd4 35. Qf3 c4 36. Qe2 Rd3 37. Qc2 Rc3 38. Qe2 Rd3 39. Qc2 Rd4 40.
Kg2 c3 41. Kh3 Rxd5 0-1

[Event "*** Titled Tuesday Blitz"]
[Site "Chess.com"]
[Date "2020.04.14"]
[Round "6"]
[White "Misticpikachu"]
[Black "iulik86"]
[Result "0-1"]
[WhiteElo "2303"]
[BlackElo "2522"]
[TimeControl "180+1"]
[EndTime "11:04:07 PDT"]
[Termination "iulik86 won by checkmate"]

1. c4 Nf6 2. Nc3 g6 3. e4 Bg7 4.
d4 d6 5. h3 O-O 6. Be3 c5 7. Nf3 cxd4 8. Nxd4 Nc6 9. Be2 Bd7 10.
O-O Rc8 11. Qc2 a6 12. a3 Qe8 13. Rac1 Ng4 14. hxg4 Nxd4 15. Bxd4 Bxd4 16. Qd3 Bg7 17.
b4 a5 18. Nd5 Qd8 19. Rb1 axb4 20. axb4 Be6 21. Rfc1 f5 22. exf5 gxf5 23. g5 Bf7 24. Bf3 e6 25. Nf6+ Bxf6 26. gxf6 Bg6 27. Bxb7 Rb8 28.
Bf3 e5 29. Qd5+ Bf7 30. Qd2 Qxf6 31. Bd5 Kh8 32. Bxf7 Rxf7 33. Rd1 Rb6 34. c5 dxc5 35. bxc5 Rc6 36. Qd5 Kg7 37. Rb8 Rfc7 38. Rb5 e4 39. Rb8 Rxc5 40. Qg8+ Kh6 41. Rf8 Qg6 42. Qb3 Rc3 43.
Qb4 Rc1 44. Rxc1 Rxc1+ 45. Kh2 Qh5+ 46. Kg3 Qg4+ 47. Kh2 Qh4# 0-1

[Event "*** Titled Tuesday Blitz"]
[Site "Chess.com"]
[Date "2020.04.14"]
[Round "6"]
[White "Monmoransy"]
[Black "machupichu10"]
[Result "0-1"]
[WhiteElo "2609"]
[BlackElo "2804"]
[TimeControl "180+1"]
[EndTime "11:04:08 PDT"]
[Termination "machupichu10 won on time"]

1. e4 c5 2. Nf3 e6 3. b3 d5 4. Bb5+ Bd7 5. Bxd7+ Qxd7 6. exd5 Qxd5 7. O-O Nc6 8. Bb2 Nf6 9. c4 Qd3 10. Nc3 Be7 11. Re1 Rd8 12. Re3 Qd7 13. Ne4 Nd4 14.
Nxd4 cxd4 15. Nxf6+ Bxf6 16. Re1 O-O 17. d3 Rfe8 18. Re4 g6 19. Qe2 Bg7 20. f4 f5 21.
Re5 Bxe5 22. Qxe5 Qd6 23. Re1 Kf7 24. Kf2 h6 25. h4 Rd7 26. a3 Rg8 27. b4 g5 28.
hxg5 hxg5 29. fxg5 Qxe5 30. Rxe5 Rxg5 31. a4 Kf6 32. Re1 e5 33. c5 Ke6 34. b5 Kd5 35.
Rc1 Rc7 36. Ba3 e4 37. a5 e3+ 38.
Kf3 e2 39. Kxe2 Rxg2+ 40. Kf3 Ra2 41. Bb4 Rb2 42. Rc4 Rb3 43. Kf4 Rxd3 44. Rc1 Rb3 45. b6 axb6 0-1

[Event "*** Titled Tuesday Blitz"]
[Site "Chess.com"]
[Date "2020.04.14"]
[Round "6"]
[White "florianschwabeneder"]
[Black "Embrujada"]
[Result "0-1"]
[WhiteElo "2500"]
[BlackElo "2363"]
[TimeControl "180+1"]
[EndTime "11:04:08 PDT"]
[Termination "Embrujada won on time"]

1. e4 c6 2. d4 d5 3. exd5 cxd5 4. Nf3 Nc6 5. Bb5 Bd7 6. c4 e6 7.
Nc3 Nf6 8. cxd5 exd5 9. O-O Be7 10. Re1 O-O 11. Bf4 Be6 12. h3 Rc8 13. Qd2 Bb4 14. Bd3 Ne4 15. Bxe4 dxe4 16. Rxe4 Bd5 17. Re3 Bxf3 18. Rxf3 Qxd4 19. Rd3 Qf6 20. Nd5 Qf5 21.
Qd1 Bc5 22. Rc1 b6 23. a3 Rfd8 24. Bg3 h6 25. b4 Bf8 26. Rcc3 Ne5 27. Rxc8 Rxc8 28.
Bxe5 Qxe5 29. g3 Qb2 30. Qf3 Rc1+ 31. Kg2 Qb1 32. Kh2 Re1 33. Re3 Rxe3 34. Nxe3 Qa2 35. Nd5 Qc4 36. Kg2 Bd6 37. h4 Kf8 38. Ne3 Qc8 39.
Qd5 Be7 40. Nf5 Bf6 41. b5 Kg8 42. a4 Qe8 43. Qc6 Qe2 44. Qf3 Qa2 45. Qe4 Qd2 46. g4 g6 0-1

[Event "*** Titled Tuesday Blitz"]
[Site "Chess.com"]
[Date "2020.04.14"]
[Round "6"]
[White "mshuaau0"]
[Black "Kotofeyca"]
[Result "0-1"]
[WhiteElo "2218"]
[BlackElo "2385"]
[TimeControl "180+1"]
[EndTime "11:04:08 PDT"]
[Termination "Kotofeyca won by resignation"]

1. e4 c5 2. Nf3 d6 3. d4 cxd4 4. Nxd4 Nf6 5. Nc3 a6 6. Bg5 e6 7. f4 Qb6 8. Qd2 Nc6 9. O-O-O Bd7 10. Nxc6 Bxc6 11. e5 dxe5 12. fxe5 Nd5 13. Nxd5 Bxd5 14. c4 Bc6 15. Be3 Bc5 16. Bxc5 Qxc5 17. Qd6 Qa5 18.
Kb1 Rd8 19. Qxd8+ Qxd8 20. Rxd8+ Kxd8 21. Rg1 Ke7 22. Bd3 h5 23. g3 h4 24. gxh4 g6 25.
Rg4 Rh5 26. Be4 Rxe5 27. Bxc6 bxc6 28. Kc2 Re2+ 29. Kc3 Rxh2 30. a4 c5 31. Rg5 Rh3+ 32. Kc2 Kd6 33. Rg4 e5 34. b3 a5 35. Kb2 Rf3 36. h5 gxh5 37. Rh4 Rf5 38. Kc3 Ke6 39. Kd3 Rg5 40. Ke3 f5 41. Rh1 Rg3+ 42. Kd2 Rxb3 43.
Rxh5 e4 44. Rh6+ Ke5 45. Ra6 Kd4 46. Rxa5 f4 47. Ra8 Rb2+ 48. Kd1 f3 49. Rd8+ Kxc4 50. a5 e3 51. a6 Ra2 52. Rf8 f2 53. a7 e2+ 0-1

[Event "*** Titled Tuesday Blitz"]
[Site "Chess.com"]
[Date "2020.04.14"]
[Round "6"]
[White "Duhless"]
[Black "Zavgorodniy_Serg"]
[Result "0-1"]
[WhiteElo "3060"]
[BlackElo "2743"]
[TimeControl "180+1"]
[EndTime "11:04:09 PDT"]
[Termination "Zavgorodniy_Serg won by checkmate"]

1. d4 Nf6 2. Nf3 e6 3. c4 Bb4+ 4. Bd2 Qe7 5. g3 Nc6 6. Bg2 Bxd2+ 7. Nbxd2 d6 8. O-O O-O 9. e4 e5 10. d5 Nb8 11. Ne1 a5 12. Nd3 c6 13. Qe2 cxd5 14. exd5 Bf5 15. c5 Nbd7 16. cxd6 Qxd6 17. Nc4 Qa6 18. Rac1 Rfe8 19. Rfe1 Rac8 20. b3 h6 21. a4 Bxd3 22. Qxd3 e4 23. Qd2 Nc5 24. Nxa5 b6 25. b4 Nd3 26. Nc6 Nxe1 27. Rxe1 Qxa4 28. Rc1 Kh8 29. Bf1 e3 30. fxe3 Ne4 31. Qb2 Ra8 32. b5 Nd6 33. Qf2 Qe4 34. Re1 Ra3 35. Bg2 Qc4 36.
e4 f6 37. Qxb6 Ra2 38. Qe3 Qc2 39. Qf3 Nc4 40. Rf1 Nd2 41. Qh5 Rxe4 42. Bxe4 Qxe4 43.
Rd1 Qe3+ 44. Kh1 Qe4+ 45. Kg1 Nf3+ 46. Kf1 Qe2# 0-1

[Event "*** Titled Tuesday Blitz"]
[Site "Chess.com"]
[Date "2020.04.14"]
[Round "6"]
[White "korbul"]
[Black "SGchess01"]
[Result "0-1"]
[WhiteElo "2520"]
[BlackElo "2698"]
[TimeControl "180+1"]
[EndTime "11:04:09 PDT"]
[Termination "SGchess01 won by checkmate"]

1. d4 a6 2. e4 e6 3. Nf3 d5 4. e5 c5 5. c3 Bd7 6. Be3 Qb6 7. Qd2 Nc6 8. Bd3 Nh6 9. O-O Ng4 10.
dxc5 Qc7 11. Re1 Ngxe5 12. Nxe5 Qxe5 13. Bf4 Qh5 14. b4 Be7 15. Na3 O-O 16. Nc2 Bf6 17.
Bd6 Rfe8 18. f4 e5 19. fxe5 Nxe5 20. Nd4 Nc4 21. Bxc4 dxc4 22. Rxe8+ Rxe8 23. Re1 Bxd4+ 24. cxd4 Rxe1+ 25. Qxe1 Qd5 26. Qe3 Bc6 27. Kf1 h6 28. Ke1 Qxg2 29. Bg3 Qxa2 30. d5 Bxd5 31. Qd4 Be6 32.
Be5 Qb1+ 33. Kd2 Qxb4+ 34. Ke3 Qb3+ 35. Kf2 Qc2+ 36. Ke3 Qc1+ 37. Kf2 f6 38. Bg3 c3 39. Qd8+ Kh7 40. Qd3+ f5 41. Be5 Qd2+ 42. Qxd2 cxd2 43.
Ke2 g5 44. Kxd2 f4 45. Ke2 Kg6 46. Kf3 Bd5+ 47. Kg4 h5+ 48. Kh3 Kf5 49. Bc7 Bc4 50. Ba5 Bf1# 0-1

[Event "*** Titled Tuesday Blitz"]
[Site "Chess.com"]
[Date "2020.04.14"]
[Round "6"]
[White "Borsuk_Konstantin"]
[Black "Zubrrr"]
[Result "0-1"]
[WhiteElo "2481"]
[BlackElo "2703"]
[TimeControl "180+1"]
[EndTime "11:04:09 PDT"]
[Termination "Zubrrr won on time"]

1. d4 d5 2. c4 Nc6 3. cxd5 Qxd5 4. Nc3 Qxd4 5. e3 Qxd1+ 6. Kxd1 Bf5 7. e4 O-O-O+ 8.
Bd2 Bg6 9. f3 e6 10. Nge2 Nf6 11. a3 Bd6 12. Kc2 a6 13. g4 h6 14. Bg2 Nd7 15.
f4 f6 16. b4 Nb6 17. Be3 Nc4 18. Bf2 Bh7 19. Rhd1 Rhe8 20. Kb3 Nb6 21. b5 axb5 22.
Nxb5 Bf8 23. Nec3 Bg8 24. Nxc7 Kxc7 25. Nb5+ Kc8 26. Bxb6 Rxd1 27. Rxd1 e5+ 28. Ka4 exf4 29. Rc1 Kb8 30. Bc7+ Kc8 31. Bxf4 Be6 32. h3 Bd7 33. Kb3 Kd8 34. a4 Na5+ 35. Kb2 Nc6 36. Rd1 Kc8 37. Rc1 Bb4 38. Rd1 Re7 39. Nd6+ Kb8 40. Nf5+ Re5 41. Bxe5+ Nxe5 42. Nxg7 Bxa4 0-1

[Event "*** Titled Tuesday Blitz"]
[Site "Chess.com"]
[Date "2020.04.14"]
[Round "6"]
[White "KarpovVadim"]
[Black "AshotParvanyan"]
[Result "1-0"]
[WhiteElo "2418"]
[BlackElo "2580"]
[TimeControl "180+1"]
[EndTime "11:04:10 PDT"]
[Termination "KarpovVadim won on time"]

1. Nf3 Nf6 2. c4 g6 3. Nc3 Bg7 4. d4 O-O 5. e4 d6 6. Be2 Bg4 7. Be3 Nfd7 8. O-O Nc6 9. Rc1 e5 10.
d5 Bxf3 11. Bxf3 Nd4 12. Nb5 Nxf3+ 13. Qxf3 a6 14. Nc3 f5 15. Rce1 f4 16. Bc1 Nf6 17. Qe2 f3 18. Qxf3 Nxd5 19. Qd3 Nf4 20. Bxf4 exf4 21.
f3 c6 22. b3 Qa5 23. Rc1 Rad8 24. a4 Qb6+ 25. Kh1 Qxb3 26. Rfd1 Qb4 27. g3 Be5 28.
Kg2 Kg7 29. Rc2 Qc5 30. Rb1 Rf7 31. Ne2 g5 32. g4 Re8 33. h4 h6 34. h5 Qa5 35.
Qb3 Qc5 36. Qd3 Rd8 37. Rb3 Qa5 38. Ra2 Qc5 39. Rb1 Kh8 40. Rc2 Bg7 41. e5 Qxe5 42.
Nc3 d5 43. cxd5 cxd5 44. Rb6 Qe3 45. Qg6 Bxc3 46. Qxf7 1-0

[Event "*** Titled Tuesday Blitz"]
[Site "Chess.com"]
[Date "2020.04.14"]
[Round "6"]
[White "ftorodent"]
[Black "Casper_Schoppen"]
[Result "0-1"]
[WhiteElo "2668"]
[BlackElo "2990"]
[TimeControl "180+1"]
[EndTime "11:04:11 PDT"]
[Termination "Casper_Schoppen won by resignation"]

1. d4 Nf6 2. c4 e6 3. Nf3 d5 4. Nc3 Bb4 5. Qa4+ Nc6 6. e3 O-O 7. Bd2 Re8 8. cxd5 exd5 9. Bb5 Bd7 10. O-O Bd6 11. Qd1 Ne7 12. Bxd7 Qxd7 13. Ne5 Qe6 14.
f4 c5 15. Qf3 Nc6 16. Ne2 Ne4 17. Be1 cxd4 18. Nxd4 Nxe5 19. fxe5 Qxe5 20. Qxf7+ Kh8 21. Qf4 Qxf4 22. exf4 Bc5 23. Bc3 b5 24. a3 a5 25.
Rfd1 b4 26. axb4 axb4 27. Rxa8 Rxa8 28. Be1 Ra2 29. Kf1 Rxb2 30. Ne6 Kg8 31. Rxd5 Bf2 32.
Ng5 Nxg5 33. Bxf2 Ne4 34. Bd4 Rd2 35. Ke1 b3 36. Rd8+ Kf7 37. Rb8 Rxd4 38. Rxb3 Nf6 39.
Rb7+ Kg6 40. g3 h5 41. h3 h4 42. gxh4 Rxf4 43. Rb5 Rxh4 44. Rb3 Rf4 0-1

[Event "*** Titled Tuesday Blitz"]
[Site "Chess.com"]
[Date "2020.04.14"]
[Round "6"]
[White "joksijoksi"]
[Black "Ziyamammadov"]
[Result "1-0"]
[WhiteElo "2313"]
[BlackElo "1795"]
[TimeControl "180+1"]
[EndTime "11:04:11 PDT"]
[Termination "joksijoksi won by resignation"]

1. e4 e6 2. d4 d5 3. Nc3 dxe4 4.
Nxe4 Nf6 5. Nxf6+ Qxf6 6. Nf3 Nc6 7. Bg5 Qg6 8. Bd3 f5 9. Qe2 Bd6 10. h4 h6 11. h5 Qf7 12. Bd2 Bd7 13. O-O-O O-O-O 14. Kb1 g5 15. hxg6 Qxg6 16. c4 Rde8 17. c5 Be7 18. Bf4 Bf6 19. Be5 Nxe5 20. dxe5 Be7 21.
Rc1 Bc6 22. Nd4 Bd5 23. c6 b6 24.
Rhd1 Bc5 25. Bxf5 exf5 26. Qa6+ Kd8 27. Nf3 Qxc6 28. Qc4 Kc8 29. Rxd5 f4 30. Rcd1 Rd8 31. Qa6+ Qb7 32. Rxd8+ Rxd8 33. Rxd8+ Kxd8 34. Qxb7 Bxf2 35. Qe4 Be3 36. Qg6 Kd7 37. Qxh6 Ke7 38. Qg6 Bc5 39. Qe4 Ke8 40. Kc2 Be7 41. b3 c5 42. e6 Kf8 43.
Qf5+ Ke8 44. Qxf4 Kd8 45. Qf7 b5 46. Ne5 Kc7 47. Qxe7+ Kb6 48. Nd7+ Ka5 49. Qd8+ 1-0